 Dungeon Crawl Stone Soup version 0.25-a0-164-gb55e97dba5 (webtiles) character file.

Game seed: 6848067259665603668, levelgen mode: deterministic

5177 MisterFreud the Nimble (level 10, -1/45 HPs)
             Began as a Felid Wanderer on Nov 21, 2019.
             Was a Believer of Uskayaw.
             Slain by a vampire (13 damage)
             ... on level 12 of the Dungeon on Nov 22, 2019.
             The game lasted 00:31:03 (16465 turns).

MisterFreud the Nimble (Felid Wanderer)            Turns: 16465, Time: 00:31:03

Health: -1/45      AC:  5    Str:  7    XL:     10   Next: 34%
Magic:  17/17      EV: 27    Int: 15    God:    Uskayaw [**....]
Gold:   655        SH:  0    Dex: 19    Spells: 10/15 levels left
                                        Lives:  0   Deaths: 2

rFire    . . .     SeeInvis +     - Unarmed
rCold    . . .     Gourm    .   (shield unavailable)
rNeg     . . .     Faith    +   (armour unavailable)
rPois    .         Spirit   .   (helmet unavailable)
rElec    .         Reflect  .   (cloak unavailable)
rCorr    .         Harm     .   (gloves unavailable)
MR       ++...                  (boots unavailable)
Stlth    +++++.....             n - amulet of faith
HPRegen  0.15/turn              e - ring of protection from magic
MPRegen  0.15/turn              A - +3 ring of protection

@: studying Poison Magic, quick
A: very small, no armour, no weapons or thrown items, stealth, claws 1, fangs 3,
see invisible, carnivore, speed 1, shaggy fur 2, slow metabolism 1, sharp paws
a: Stomp, Line Pass, Renounce Religion


You were on level 12 of the Dungeon.
You worshipped Uskayaw.
Uskayaw was aware of your devotion.
You were full.

You visited 2 branches of the dungeon, and saw 13 of its levels.

You collected 655 gold pieces.

Inventory:

Jewellery
 e - a ring of protection from magic (left paw)
 n - an amulet of faith (around neck)
 o - an uncursed ring of ice
 s - an uncursed ring of fire
 t - an uncursed ring of flight
 v - an uncursed ring of positive energy
 w - a +4 ring of strength
 A - a +3 ring of protection (right paw)
 D - an uncursed ring of protection from cold
Wands
 j - a wand of iceblast (4)
 m - a wand of digging (14)
 p - a wand of enslavement (19)
 q - a wand of random effects (9)
 x - a wand of flame (14)
 B - a wand of paralysis (9)
Scrolls
 a - 5 scrolls of blinking
 c - 11 scrolls of teleportation
 f - 2 scrolls of magic mapping
 h - a scroll of immolation
 k - 3 scrolls of remove curse
 l - 3 scrolls of identify
 C - a scroll of fear
Potions
 b - 5 potions of haste
 g - 2 potions of cancellation
 i - 2 potions of flight
 r - a potion of lignification
 z - 2 potions of brilliance
 E - 3 potions of ambrosia
 F - a potion of magic {unknown}
Books
 y - a manual of Poison Magic
Comestibles
 d - 23 rations


   Skills:
 - Level 6.1 Fighting
 - Level 10.0 Dodging
 - Level 10.0 Stealth
 + Level 9.7 Unarmed Combat
 + Level 3.1 Spellcasting
 + Level 3.9 Transmutations
 * Level 9.2 Invocations
 - Level 4.1 Evocations


You had 10 spell levels left.
You knew the following spells:

 Your Spells              Type           Power        Failure   Level  Hunger
a - Blade Hands           Tmut           ##........   73%         5    ######.

Your spell library contained the following spells:

 Spells                   Type           Power        Failure   Level  Hunger
 Beastly Appendage        Tmut           ##....       4%          1    #......
 Sticks to Snakes         Tmut           ##......     6%          2    ##.....
 Shock                    Conj/Air       #...         21%         1    #......
 Spider Form              Tmut/Pois      #.........   26%         3    ###....
 Swiftness                Chrm/Air       #.......     30%         2    ##.....
 Static Discharge         Conj/Air       #.......     52%         3    ###....
 Ice Form                 Ice/Tmut       #.......     65%         4    #####..
 Airstrike                Air            #.........   89%         4    #####..
 Lightning Bolt           Conj/Air       #.........   99%         5    ######.


Dungeon Overview and Level Annotations

Branches:
Dungeon (12/15)            Temple (1/1) D:5            Lair (0/6) D:9
    Orc (0/2) D:12

Altars:
Ashenzari
Cheibriados
Dithmenos
Elyvilon
Fedhas
Gozag
Hepliaklqana
Kikubaaqudgha
Makhleb
Nemelex Xobeh
Okawaru
Qazlal
Ru
Sif Muna
Trog
Uskayaw
Vehumet
Wu Jian
Xom
Yredelemnul
Zin
The Shining One

Annotations:
D:4 1 runed translucent door, Crazy Yiuf


Innate Abilities, Weirdness & Mutations

You cannot wear armour.
You are incapable of wielding weapons or throwing items.
Your paws allow you to move quietly. (Stealth)
You have sharp claws.
You have razor-sharp teeth.
You have supernaturally acute eyesight. (SInv)
You are carnivorous and can eat meat at any time.
You cover ground quickly.
You are covered in thick fur. (AC +2)
You have a slow metabolism.
Your sharp claws are effective at attacking unaware monsters.


Message History

The vampire is heavily damaged.
The vampire is infused with unholy energy.
* * * LOW HITPOINT WARNING * * *
The vampire draws life force from you and is healed!
You scratch the vampire but do no damage.
The vampire is lightly damaged.
The vampire mumbles some strange words.
The vampire flickers and vanishes for a moment.
You closely miss the vampire. You bite the vampire, but do no damage.
The vampire is lightly damaged.
You closely miss the vampire.
The vampire is lightly damaged.
The vampire completely misses you. x2
You scratch the vampire but do no damage.
The vampire is lightly damaged.
The vampire misses you. x2
You scratch the vampire but do no damage.
The vampire is lightly damaged.
The vampire hits you!
You die...

#..................
.....(...........>..
#...................
#...................
#...?........####.##
#............## .#
#.....>.......# #
#..........)#.##
#......@V..##..#
#........).###.##.
##................
##...........#....
#............# ..
#............#
#...........?###
#..............#
#..............#


You could see a vampire (invisible).

Vanquished Creatures
  Erolcha (D:10)
  A centaur warrior (D:9)
  Psyche (D:8)
  Joseph (D:8)
  A gargoyle (D:11)
  Prince Ribbit (D:7)
  A troll (D:11)
  A hippogriff (D:7)
  8 yaks
  A wyvern (D:11)
  A wraith (D:11)
  2 hungry ghosts
  A warg (D:12)
  Edmund (D:5)
  3 orc warriors
  2 black bears
  A phantom (D:5)
  5 ice beasts
  A necrophage (D:11)
  4 sky beasts
  4 centaurs
  5 ogres
  4 big kobolds
  Blork the orc (D:5)
  A bullfrog (D:9)
  A wyvern zombie (D:11)
  5 scorpions
  6 killer bees
  5 howler monkeys
  3 wights (D:8)
  5 crimson imps
  2 bullfrog zombies
  2 centaur zombies
  4 hounds
  13 orc wizards
  A gnoll shaman (D:7)
  3 jellies
  3 bullfrog skeletons
  10 orc priests
  A centaur skeleton (D:9)
  3 iguanas
  Ijyb (D:3)
  Natasha (thrice) (D:3)
  11 worker ants
  13 gnolls
  3 worker ant zombies
  15 adders
  An ooze (D:3)
  2 adder skeletons
  3 worms
  3 dart slugs
  4 leopard geckos
  35 orcs
  5 bats
  A bat zombie (D:2)
  7 giant cockroaches
  9 goblins
  7 hobgoblins
  7 jackals
  27 kobolds
  5 quokkas
  2 ball pythons
  10 frilled lizards
  A giant cockroach zombie (D:2)
  10 rats
305 creatures vanquished.

Notes
Turn   | Place    | Note
-------+----------+-------------------------------------------
     0 | D:1      | MisterFreud the Felid Wanderer began the quest for the Orb.
     0 | D:1      | MisterFreud set off with the following items: a scroll of
                  | blinking, a potion of haste, 2 scrolls of teleportation, a
                  | ration
     0 | D:1      | Reached XP level 1. HP: 9/9 MP: 2/2
   145 | D:1      | Reached XP level 2. HP: 12/12 MP: 3/3
   492 | D:1      | Reached XP level 3. HP: 4/16 MP: 4/4
  2065 | D:2      | Reached XP level 4. HP: 14/21 MP: 5/5
  2830 | D:3      | Noticed Natasha
  3103 | D:3      | Killed Natasha
  3117 | D:3      | Reached XP level 5. HP: 5/25 MP: 6/6
  3518 | D:3      | Noticed Natasha
  3537 | D:3      | Killed Natasha
  3969 | D:3      | Noticed Natasha
  3973 | D:3      | Killed Natasha
  3973 | D:3      | Reached skill level 5 in Dodging
  3973 | D:3      | Gained mutation: You are covered in thick fur. (AC +2)
                  | [Felid growth]
  3973 | D:3      | Reached XP level 6. HP: 28/28 MP: 7/7
  3989 | D:3      | Noticed Ijyb
  4009 | D:3      | Killed Ijyb
  5245 | D:4      | Found an ornate altar of the Wu Jian Council.
  5259 | D:4      | Found a runed translucent door.
  5260 | D:4      | Noticed Crazy Yiuf
  5671 | D:5      | Entered Level 5 of the Dungeon
  5766 | D:5      | Found a staircase to the Ecumenical Temple.
  5781 | D:5      | Reached XP level 7. HP: 32/32 MP: 8/8
  5794 | Temple   | Entered the Ecumenical Temple
  5944 | D:5      | Noticed Edmund
  6138 | D:5      | Killed Edmund
  6155 | D:5      | Reached skill level 10 in Dodging
  6494 | D:5      | Noticed Blork the orc
  6504 | D:5      | Killed Blork the orc
  6504 | D:5      | Reached XP level 8. HP: 30/36 MP: 8/10
  6603 | D:5      | Found a sparkling altar of Nemelex Xobeh.
  7222 | D:6      | Reached skill level 5 in Stealth
  7264 | D:6      | Found a shadowy altar of Dithmenos.
  7265 | D:6      | Found a shimmering altar of Xom.
  7505 | D:5      | Upgraded the game from 0.25-a0-161-gb7fd73da8f to
                  | 0.25-a0-164-gb55e97dba5
  7661 | D:6      | Reached skill level 5 in Fighting
  7763 | D:6      | Found a sparkling altar of Nemelex Xobeh.
  7901 | D:6      | Found a shattered altar of Ashenzari.
  8382 | D:7      | Noticed a hippogriff
  8858 | D:7      | Noticed Prince Ribbit
  9305 | D:7      | Killed Prince Ribbit
  9607 | D:7      | Reached XP level 9. HP: 33/41 MP: 13/13
 10578 | D:8      | Found a hide-covered altar of Uskayaw.
 10590 | D:8      | Became a worshipper of Uskayaw the Reveler
 10623 | D:8      | Reached * piety under Uskayaw
 10624 | D:8      | Reached ** piety under Uskayaw
 10626 | D:8      | Reached *** piety under Uskayaw
 10637 | D:8      | Reached **** piety under Uskayaw
 10920 | D:7      | Reached skill level 1 in Invocations
 11199 | D:8      | Noticed Joseph
 11220 | D:8      | Killed Joseph
 11653 | D:8      | Noticed Psyche
 11667 | D:8      | Killed Psyche
 11909 | D:8      | Reached XP level 10. HP: 42/45 MP: 14/14
 12404 | D:9      | Noticed a centaur warrior
 12409 | D:8      | Reached skill level 5 in Invocations
 12455 | D:8      | Reached skill level 10 in Stealth
 12585 | D:9      | Slain by a yak
 12586 | D:9      | Reached XP level 9. HP: -4/41 MP: 13/13
 12767 | D:9      | Found a staircase to the Lair.
 13322 | D:9      | Killed a centaur warrior
 13386 | D:9      | HP: 2/41 [orc priest/divine providence (9)]
 13393 | D:9      | Reached XP level 10. HP: 40/45 MP: 16/16
 13522 | D:9      | Learned a level 5 spell: Blade Hands
 13815 | D:10     | Entered Level 10 of the Dungeon
 13974 | D:10     | Reached skill level 1 in Transmutations
 13989 | D:10     | Reached ***** piety under Uskayaw
 14001 | D:10     | Reached skill level 1 in Spellcasting
 14308 | D:10     | Identified a scroll of acquirement
 14434 | D:10     | Found a stormy altar of Qazlal.
 14478 | D:10     | Noticed Erolcha
 14485 | D:10     | Killed Erolcha
 14812 | D:11     | Reached ****** piety under Uskayaw
 14888 | D:11     | Mangled by a troll
 14889 | D:11     | Reached XP level 9. HP: -8/41 MP: 16/16
 14905 | D:11     | Found a shattered altar of Ashenzari.
 15033 | D:11     | Noticed a gargoyle
 15053 | D:11     | Killed a gargoyle
 15053 | D:11     | Reached XP level 10. HP: 6/45 MP: 17/17
 15919 | D:12     | Found a staircase to the Orcish Mines.
 16465 | D:12     | Slain by a vampire

Levels and vault maps discovered:
D:1:      elethiomel_arrival_diamonds, layout_loops_ring, minmay_box_of_dots
D:2:      layout_basic, serial_undead, serial_undead_a, serial_undead_e,
          serial_undead_c, serial_undead_d
D:3:      layout_loops_ring, minmay_cupped, uniq_natasha, uniq_ijyb
D:4:      layout_rooms, kennysheep_mini, kennysheep_cross_bottleneck,
          minmay_stone_trees_large, uniq_crazy_yiuf_cottage
D:5:      layout_loops_ring, minmay_temple_entry_mini_moons, first_ration,
          nemelex_spade_bored_becter, uniq_edmund, uniq_blork_the_orc
D:6:      layout_cave_pods, gammafunk_temple_overflow_statue,
          ashenzari_conservatory_becter, nemelex_xobeh_ov_fountains_minmay
D:7:      layout_loops_cross, uniq_prince_ribbit1
D:8:      layout_cave_pods, overflow_temple_1_default, blue_anna_alchemist
          [blue_anna_fruit_fields, blue_anna_fruit_fields], uniq_joseph,
          uniq_psyche
D:9:      layout_cave_pods, lair_entry_dummy
D:10:     layout_roguey, basic_altar, uniq_erolcha
D:11:     layout_basic, ashenzari_altar_1
D:12:     layout_basic, david_orc_3
Temple:   eino_temple_rhombus

Skill      XL: |  1  2  3  4  5  6  7  8  9 10 |
---------------+-------------------------------+-----
Stealth        | 3 4 6 9 10 | 10.0
Fighting       | 2 3 4 6 |  6.1
Dodging        | 2 5 7 10 | 10.0
Evocations     | 4 |  4.1
Unarmed Combat | 9 |  9.7
Invocations    | 7 9 |  9.2
Transmutations | 3 |  3.9
Spellcasting   | 3 |  3.1

Action                   |  1- 3 |  4- 6 |  7- 9 | 10-12 || total
-------------------------+-------+-------+-------+-------++-------
Melee: Unarmed           |    89 |   187 |   612 |   330 ||  1218
       Bite              |     7 |    18 |    65 |    39 ||   129
       Punch             |     4 |     4 |    24 |     7 ||    39
Evoke: Wand              |       |       |    14 |     1 ||    15
  Use: Potion            |       |     1 |     6 |     1 ||     8
       Scroll            |       |     5 |     9 |     7 ||    21
 Stab: Sleeping          |    19 |     9 |    15 |     6 ||    49
       Distracted        |       |     5 |     1 |     3 ||     9
       Paralysed         |       |       |    13 |    24 ||    37
  Eat: Chunk             |     6 |    10 |    26 |     7 ||    49
Armor: Skin              |     1 |     6 |    33 |    11 ||    51
Dodge: Dodged            |    48 |   105 |   529 |   346 ||  1028

Table legend:
 A = Non-vault XP
 B = Vault XP
 C = Vault XP percentage of total XP
 D = Non-vault monster count
 E = Vault monster count
 F = Vault count percentage of total count
                 A         B        C        D         E       F
            +---------+---------+-------+---------+---------+-------
      Total |   12321 |    2912 |  19.1 |     274 |      31 |  10.2
            +---------+---------+-------+---------+---------+-------
        D:1 |      40 |      15 |  27.3 |      22 |      10 |  31.2
        D:2 |      79 |       8 |   9.2 |      19 |       3 |  13.6
        D:3 |     253 |      92 |  26.7 |      34 |       6 |  15.0
        D:4 |     173 |       0 |   0.0 |       9 |       0 |   0.0
        D:5 |     671 |     248 |  27.0 |      11 |       2 |  15.4
        D:6 |     716 |       0 |   0.0 |      16 |       0 |   0.0
        D:7 |    1197 |     286 |  19.3 |      25 |       1 |   3.8
        D:8 |    1568 |     991 |  38.7 |      40 |       3 |   7.0
        D:9 |    2533 |       0 |   0.0 |      39 |       0 |   0.0
       D:10 |    2119 |     965 |  31.3 |      20 |       1 |   4.8
       D:11 |    2445 |       0 |   0.0 |      32 |       0 |   0.0
       D:12 |     527 |     307 |  36.8 |       7 |       5 |  41.7
            +---------+---------+-------+---------+---------+-------
